 Dungeon Crawl Stone Soup version 0.29.1-1-gd02db6906a (webtiles) character file.

Game seed: 7951892936595099013

184187 quakins the Executioner (level 17, -1/173 HPs)
             Began as a Minotaur Berserker on Oct 2, 2022.
             Was a High Priest of Trog.
             Slain by a death scarab (16 damage)
             ... on level 1 of the Spider Nest.
             The game lasted 02:11:49 (35427 turns).

quakins the Executioner (Minotaur Berserker)       Turns: 35427, Time: 02:11:49

Health: -1/173     AC: 28    Str: 34    XL:     17   Next: 38%
Magic:  16/16      EV: 13    Int:  4    God:    Trog [*****.]
Gold:   2426       SH:  0    Dex: 12    Spells: 16/16 levels left

rFire   + + .      SeeInvis .   S - +5 executioner's axe
rCold   + . .      Faith    .   (shield currently unavailable)
rNeg    . . .      Spirit   .   V - +2 plate armour {rF+}
rPois   +          Reflect  .   G - +0 hat
rElec   .          Harm     .   I - +2 cloak {rC+}
rCorr   .          Rampage  .   e - +2 pair of gloves
Will    +++..                   E - +0 pair of boots
Stlth   ..........              u - amulet of regeneration
HPRegen 2.18/turn               R - +4 ring of protection
MPRegen 0.15/turn               p - ring of Savypego {rPois rF+ Str+6}

@: strong-willed, corroded, regenerating, slowed, very slow
A: horns 2, retaliatory headbutt
}: 1/15 runes: barnacled
a: Renounce Religion, Berserk, Trog's Hand, Brothers in Arms


You were on level 1 of the Spider Nest.
You worshipped Trog.
Trog was extremely pleased with you.
You visited 5 branches of the dungeon, and saw 27 of its levels.
You also visited: Ice Cave.

You collected 3249 gold pieces.
You spent 823 gold pieces at shops.

Inventory:

Hand Weapons
 A - the +5 battleaxe of Vuerumir {vorpal, *Slow rN+ Will+}
   (Trog gifted it to you on level 14 of the Dungeon)

   It inflicts extra damage upon your enemies.
   rN:        It protects you from negative energy.
   *Slow:     It may slow you when you take damage.
   Will:      It increases your willpower.
 J - a +1 battleaxe of freezing
 O - a +2 battleaxe
 S - a +5 executioner's axe (weapon)
 W - the +10 battleaxe of Trog's Pride {antimagic, Fragile Fly rElec rF+++}
   (Trog gifted it to you on level 2 of the Orcish Mines)

   It reduces the magical energy of the wielder, and disrupts the spells and
   magical abilities of those it strikes.
   Natural abilities and divine invocations are not affected.
   rF:        It renders you almost immune to fire.
   rElec:     It insulates you from electricity.
   Fly:       It grants you flight.
   Fragile:   It will be destroyed if unequipped.
Missiles
 j - 4 throwing nets (quivered)
Armour
 e - a +2 pair of gloves (worn)
 E - a +0 pair of boots (worn)
 G - a +0 hat (worn)
 I - a +2 cloak of cold resistance (worn)
 M - a +2 chain mail of cold resistance
 V - a +2 plate armour of fire resistance (worn)
Jewellery
 b - a ring of positive energy
 h - a +4 ring of evasion
 p - the ring of Savypego (right hand) {rPois rF+ Str+6}
   (You found it on level 4 of the Shoals)

   [ring of strength]

   Str:       It affects your strength (+6).
   rF:        It protects you from fire.
   rPois:     It protects you from poison.
 u - an amulet of regeneration (around neck)
 y - a ring of resist corrosion
 R - a +4 ring of protection (left hand)
 U - a +4 ring of protection
 Y - a ring of see invisible
Scrolls
 d - 6 scrolls of poison
 l - 9 scrolls of teleportation
 n - 3 scrolls of enchant armour
 o - a scroll of blinking
 r - 2 scrolls of fear
 B - 4 scrolls of magic mapping
 C - 12 scrolls of identify
 H - a scroll of immolation
 L - 2 scrolls of silence
 N - 2 scrolls of fog
 T - a scroll of brand weapon
 Z - 2 scrolls of enchant weapon
Potions
 c - 7 potions of heal wounds
 f - 11 potions of curing
 g - 4 potions of flight
 i - 6 potions of attraction
 k - 17 potions of ambrosia
 q - 9 potions of mutation
 s - 4 potions of resistance
 t - 6 potions of magic
 w - 6 potions of haste
 x - 3 potions of brilliance
 z - 2 potions of lignification
 F - 2 potions of might
 Q - a potion of berserk rage
 X - a potion of invisibility
Miscellaneous
 m - a phantom mirror
 D - a phantom mirror
 K - a piece from Xom's chessboard (15/15)
 P - a condenser vane


   Skills:
 - Level 21.1 Fighting
 + Level 22.8 Axes
 + Level 22.0 Armour
 - Level 9.5 Dodging


You had 16 spell levels left.
You didn't know any spells.
Your spell library was empty.

Dungeon Overview and Level Annotations

Branches:
Dungeon (15/15)            Temple (0/1) D:7            Lair (5/5) D:8
 Shoals (4/4) Lair:2       Spider (1/4) Lair:2        Slime (0/5) Lair:4
    Orc (2/2) D:10            Elf (0/3) Orc:2        Vaults (0/5) D:14
 Depths (0/4) D:15          IceCv (visited)

Altars:
Cheibriados
Kikubaaqudgha
Makhleb
Okawaru
Qazlal
Sif Muna
Vehumet
Jiyva
Lugonu

Shops:
D:2 [   Orc:2 *:[(   Shoals:1 (   Shoals:2 :   Shoals:3 *

Portals:
Abyss: Lair:5

Annotations:
D:12 3 runed translucent doors, quakins's ghost, journeyman MiBe
D:15 2 runed translucent doors, Vuirau's ghost, journeyman DsGl


Innate Abilities, Weirdness & Mutations

You have a pair of horns on your head.
You reflexively headbutt those who attack you in melee.


Message History

You hit the spark wasp but do no damage.
You headbutt the spark wasp!
The spark wasp is severely wounded.
You hit the death scarab but do no damage.
The death scarab barely misses you. You furiously retaliate!
You headbutt the death scarab!
The spark wasp stings you but does no damage.
The spark wasp closely misses you. You furiously retaliate!
You headbutt the spark wasp, but do no damage.
The death scarab bites you but does no damage.
You hit the spark wasp.
The spark wasp is almost dead.
You hit the death scarab but do no damage.
The death scarab bites you!
The death scarab draws strength from your injuries!
The spark wasp stings you! The spark wasp shocks you!
The spark wasp closely misses you.
The entropy weaver casts a spell at you.
The entropic weave corrodes you!
Your skin crawls.
You feel strong-willed. The death scarab bites you!
The death scarab drains your vigour!
You feel as though you will be slow longer.
The death scarab draws strength from your injuries!
The spark wasp stings you.
* * * LOW HITPOINT WARNING * * *
The spark wasp shocks you!
* * * LOW HITPOINT WARNING * * *
The entropy weaver hits you!
* * * LOW HITPOINT WARNING * * *
The entropy weaver hits you but does no damage. x3
The spark wasp stings you.
* * * LOW HITPOINT WARNING * * *
The spark wasp shocks you!
* * * LOW HITPOINT WARNING * * *
The entropy weaver hits you but does no damage.
The entropy weaver closely misses you. x2
The entropy weaver hits you but does no damage.
The death scarab bites you!
You die...

.... ...# #..# ..#
... ###.# ## #.?†#
..# #####B@##..##
#.##.syB....#
#####..###...####.
#.##.#<..B........
##..#....†.^#....#!
#........##^#..###
##....#..####..#
#.#..#...# ..#
####.#..## .#


You could see a boulder beetle, an entropy weaver, a spark wasp, a death scarab
and a redback.

Vanquished Creatures
  Nikola (Shoals:3)
  Rupert (D:12)
  Jorgrun (D:14)
  Donald (Orc:2)
  Polyphemus (Shoals:2)
  A kraken (Shoals:2)
  Kirke (D:13)
  Ilsuiw (Shoals:3)
  A frost giant (IceCv)
  Louise (Shoals:1)
  An orc warlord (Orc:2)
  Nessos (D:15)
  An entropy weaver (Spider:1)
  Azrael (D:14)
  Snorg (D:14)
  2 statues (D:14)
  A fire dragon (D:15)
  6 merfolk impalers
  5 merfolk javelineers
  An ice dragon (D:15)
  A boulder beetle (D:12)
  2 rakshasas (D:14)
  2 salamander tyrants (D:14)
  6 hydras
  4 two-headed ogres
  Erolcha (D:9)
  A catoblepas (Shoals:2)
  9 centaur warriors
  An alligator snapping turtle (Shoals:4)
  2 ogre magi
  2 dancing weapons (D:14)
  2 satyrs (Shoals:4)
  A tengu warrior (D:15)
  4 merfolk aquamancers (Shoals:4)
  11 death yaks
  An orc high priest (Orc:2)
  4 thrashing horrors (Lair:5)
  3 skeletal warriors (D:15)
  11 sea snakes
  A shadow wraith (Shoals:3)
  2 large abominations (Lair:5)
  2 wizards (D:14)
  10 deep elf pyromancers
  6 harpies (Shoals:2)
  6 orc knights
  2 wolf spiders
  3 orc sorcerers
  3 deep elf zephyrmancers (D:14)
  10 manticores
  13 fauns
  12 ugly things
  10 elephants
  11 merfolk sirens
  10 slime creatures
  11 cyclopes
  5 black mambas
  Joseph (D:7)
  4 water nymphs
  An ice statue (IceCv)
  3 smoke demons (Lair:5)
  3 gargoyles
  2 torpor snails (Spider:1)
  Maggie (D:9)
  12 cane toads
  An unseen horror (D:11)
  2 kobold demonologists (D:11)
  A yaktaur (D:15)
  4 rime drakes
  2 ancient zymes (Lair:5)
  2 ice devils (Lair:3)
  7 komodo dragons
  6 tengu conjurers (D:14)
  14 polar bears
  A queen bee (Lair:4)
  21 merfolk
  A hornet (D:9)
  3 meliai (Lair:4)
  A polar bear (shapeshifter) (Lair:5)
  3 trolls
  4 tarantellas (Spider:1)
  8 wind drakes
  14 blink frogs
  10 dream sheep
  7 snapping turtles
  A centaur simulacrum (D:15)
  2 vampires
  A wraith (D:10)
  A spriggan (Lair:5)
  6 wyverns
  56 yaks
  7 basilisks
  7 water elementals
  3 fire elementals (D:14)
  4 hogs (D:13)
  A redback (Spider:1)
  A redback (shapeshifter) (D:14)
  4 steam dragons
  2 vampire mosquitoes (D:13)
  2 chaos spawn (Lair:5)
  10 wargs
  14 two-headed ogre zombies (D:9)
  3 hell hounds (D:14)
  9 small abominations (Lair:5)
  2 acid dragons
  14 water moccasins
  A sky beast (shapeshifter) (Lair:5)
  36 orc warriors
  2 black bears
  20 centaurs
  8 ogres
  24 wolves
  Blork the orc (D:6)
  3 kobold brigands
  14 bullfrogs
  3 necrophages
  2 scorpions
  19 wights
  34 killer bees
  2 howler monkeys
  3 hounds
  4 jellies
  10 orc priests
  2 gnoll boudas
  Terence (D:2)
  3 iguanas
  27 orc wizards
  7 hell rats (Lair:2)
  7 adders
  17 gnolls
  2 shadow imps (D:5)
  An ufetubus (D:6)
  2 dart slugs
  74 orcs
  3 bat zombies (D:6)
  An endoplasm (D:1)
  A giant cockroach (D:1)
  10 goblins
  5 hobgoblins
  4 jackals (D:1)
  2 quokkas
  3 training dummies (Shoals:1)
  8 ball pythons
  7 bats
  2 frilled lizards
  15 kobolds
  6 rats
  2 rat zombies (D:6)
  A butterfly (Lair:4)
  2 plants
  3 tentacles (Shoals:2)
908 creatures vanquished.

Vanquished Creatures (collateral kills)
  The ghost of CertainDeath the Severer, a journeyman MiGl of Gozag (Lair:5)
1 creature vanquished.

Vanquished Creatures (others)
  A manticore (Shoals:3)
  A merfolk (Shoals:3)
  A gnoll (D:6)
  45 fungi
  96 plants
  14 tentacles (Shoals:2)
158 creatures vanquished.

Grand Total: 1067 creatures vanquished

Notes
Turn   | Place    | Note
-------+----------+-------------------------------------------
     0 | D:1      | quakins the Minotaur Berserker began the quest for the Orb.
     0 | D:1      | Reached XP level 1. HP: 19/19 MP: 0/0
   167 | D:1      | Reached XP level 2. HP: 19/26 MP: 1/1
   266 | D:1      | Found a faded altar of an unknown god.
   585 | D:1      | Reached skill level 5 in Axes
  1012 | D:2      | Reached XP level 3. HP: 26/31 MP: 2/2
  1462 | D:2      | Reached ** piety under Trog
  1588 | D:2      | Found Ruulliz's Antique Armour Boutique.
  1645 | D:2      | Noticed Terence
  1651 | D:2      | Killed Terence
  1652 | D:2      | Reached XP level 4. HP: 34/39 MP: 3/3
  1978 | D:3      | Reached XP level 5. HP: 23/45 MP: 4/4
  2208 | D:3      | Identified the +1 ring mail of Zin's Supremacy {rN+ Stlth+}
  3147 | D:4      | Noticed a black bear
  3221 | D:4      | Killed a black bear
  3222 | D:4      | Reached XP level 6. HP: 51/51 MP: 5/5
  4035 | D:5      | Entered Level 5 of the Dungeon
  4256 | D:5      | Noticed a water moccasin
  4262 | D:5      | Reached XP level 7. HP: 57/57 MP: 6/6
  4266 | D:5      | Reached skill level 10 in Axes
  4485 | D:5      | Identified the +1 ring mail "Xaphonti" {Dex+3}
  5044 | D:6      | Found an ancient bone altar of Kikubaaqudgha.
  5170 | D:6      | Noticed a steam dragon
  5179 | D:6      | Reached XP level 8. HP: 64/64 MP: 7/7
  5635 | D:6      | Reached *** piety under Trog
  6088 | D:6      | Noticed Blork the orc
  6101 | D:6      | Killed Blork the orc
  6426 | D:7      | Noticed Joseph
  6438 | D:7      | Killed Joseph
  6695 | D:7      | Reached XP level 9. HP: 70/70 MP: 8/8
  6873 | D:7      | Found a staircase to the Ecumenical Temple.
  6919 | D:7      | Reached skill level 15 in Axes
  7087 | D:7      | Identified the +1 leather armour of Restlessness {Dex+5}
  8201 | D:8      | Reached XP level 10. HP: 77/77 MP: 9/9
  8267 | D:8      | Found a staircase to the Lair.
  8747 | D:8      | Found a stormy altar of Qazlal.
  8747 | D:8      | Found a snail-covered altar of Cheibriados.
  8747 | D:8      | Found an iron altar of Okawaru.
 10030 | D:9      | Noticed Maggie
 10034 | D:9      | Killed Maggie
 11414 | D:9      | Paralysed by a hornet for 3 turns
 12230 | D:9      | Reached XP level 11. HP: 82/82 MP: 10/10
 12341 | D:9      | Noticed Erolcha
 12348 | D:10     | Entered Level 10 of the Dungeon
 12942 | D:10     | Found a staircase to the Orcish Mines.
 13185 | D:10     | Reached skill level 5 in Armour
 13280 | D:10     | Reached **** piety under Trog
 14634 | D:9      | Killed Erolcha
 14743 | Lair:1   | Entered Level 1 of the Lair of Beasts
 14754 | Lair:1   | Reached skill level 10 in Armour
 14839 | Lair:1   | Reached skill level 5 in Fighting
 15138 | Lair:1   | Reached XP level 12. HP: 100/100 MP: 11/11
 15250 | Lair:1   | Identified the +0 robe of the Endless Expanse {rElec}
 16034 | Lair:2   | Reached skill level 10 in Fighting
 16051 | Lair:2   | Found a staircase to the Shoals.
 16348 | Lair:2   | Found a hole to the Spider Nest.
 16720 | Lair:2   | Noticed a death yak
 16720 | Lair:2   | Noticed a death yak
 16722 | Lair:2   | Noticed a death yak
 16727 | Lair:2   | Killed a death yak
 16737 | Lair:2   | Killed a death yak
 16739 | Lair:2   | Killed a death yak
 17153 | D:2      | Bought a pair of boots for 121 gold pieces
 17590 | Lair:3   | Reached ***** piety under Trog
 18096 | Lair:3   | Found a frozen archway.
 18124 | IceCv    | Entered an ice cave
 18232 | IceCv    | Reached XP level 13. HP: 112/125 MP: 12/12
 18313 | IceCv    | Reached skill level 15 in Fighting
 18436 | IceCv    | Noticed a frost giant
 18495 | IceCv    | Killed a frost giant
 19454 | Lair:4   | Found a staircase to the Slime Pits.
 19533 | Lair:4   | Identified the +5 arbalest of Gozag's Favour {flame, Int+2}
 20670 | Lair:5   | Entered Level 5 of the Lair of Beasts
 20847 | Lair:5   | Found a large runed translucent door.
 20847 | Lair:5   | Found a large runed translucent door.
 20852 | Lair:5   | Noticed CertainDeath's ghost (journeyman MiGl)
 20881 | Lair:5   | Reached XP level 14. HP: 89/146 MP: 13/13
 21184 | Lair:5   | Received a gift from Trog
 21514 | Lair:5   | Found a corrupted altar of Lugonu.
 21514 | Lair:5   | Found a one-way gate to the infinite horrors of the Abyss.
 21763 | Lair:5   | Reached ****** piety under Trog
 22444 | Lair:5   | Killed CertainDeath's ghost
 22445 | Lair:5   | Reached skill level 5 in Dodging
 23061 | D:12     | Noticed Rupert
 23070 | D:12     | Killed Rupert
 23431 | D:12     | Found a runed translucent gate.
 23431 | D:12     | Found a runed translucent gate.
 23432 | D:12     | Found a runed translucent gate.
 23432 | D:12     | Noticed an azure jelly
 23432 | D:12     | Noticed an azure jelly
 23433 | D:12     | Noticed an acid blob
 23433 | D:12     | Noticed an azure jelly
 23433 | D:12     | Noticed an azure jelly
 23433 | D:12     | Noticed quakins's ghost (journeyman MiBe)
 23433 | D:12     | Noticed an azure jelly
 23433 | D:12     | Noticed an acid blob
 23433 | D:12     | Noticed an acid blob
 23433 | D:12     | Noticed an acid blob
 23433 | D:12     | Noticed an azure jelly
 23454 | D:12     | Received a gift from Trog
 23633 | D:12     | Found a viscous altar of Jiyva.
 24048 | D:13     | Noticed Kirke
 24067 | D:13     | Killed Kirke
 24119 | D:13     | Identified the +2 leather armour of Honour {Contam +Blink
                  | rPois Will+ Str+9}
 24521 | D:13     | Found a shimmering blue altar of Sif Muna.
 25060 | D:2      | Bought a glowing plate armour for 702 gold pieces
 25077 | D:2      | Identified a scroll of acquirement
 25078 | D:2      | Acquired a manual of Armour
 25791 | D:14     | Identified the +7 dagger "Aroi" {antimagic, Int+4}
 25807 | D:14     | Noticed Snorg
 25948 | D:14     | Identified the +3 leather armour of Iwat {Str+2}
 25989 | D:14     | Reached XP level 15. HP: 132/155 MP: 14/14
 26022 | D:14     | Noticed Azrael
 26030 | D:14     | Killed Azrael
 26045 | D:14     | Killed Snorg
 26250 | D:14     | Identified the +8 long sword "Noen" {elec, *Slow rElec
                  | Will+ Dex+3}
 26322 | D:14     | Found a gate to the Vaults.
 26492 | D:14     | Reached skill level 15 in Armour
 26583 | D:14     | Identified the +5 battleaxe of Vuerumir {vorpal, *Slow rN+
                  | Will+} (Trog gifted it to you on level 14 of the Dungeon)
 26583 | D:14     | Received a gift from Trog
 26645 | D:14     | Found a radiant altar of Vehumet.
 26645 | D:14     | Noticed Jorgrun
 26657 | D:14     | Killed Jorgrun
 27420 | D:15     | Entered Level 15 of the Dungeon
 27452 | D:15     | Noticed Nessos
 27463 | D:15     | Killed Nessos
 27571 | D:15     | Found a runed translucent door.
 27573 | D:15     | Found a runed translucent door.
 27580 | D:15     | Noticed a lich
 27582 | D:15     | Noticed Vuirau's ghost (journeyman DsGl)
 27819 | D:15     | Found a staircase to the Depths.
 27979 | D:15     | Received a gift from Trog
 28656 | Orc:1    | Entered Level 1 of the Orcish Mines
 29049 | Orc:2    | Entered Level 2 of the Orcish Mines
 29050 | Orc:2    | Found Yblin's General Store.
 29072 | Orc:2    | Reached XP level 16. HP: 84/167 MP: 15/15
 29171 | Orc:2    | Noticed Donald
 29181 | Orc:2    | Killed Donald
 29287 | Orc:2    | Found a staircase to the Elven Halls.
 29295 | Orc:2    | Found Nasil's Book Shoppe.
 29320 | Orc:2    | Identified the +10 battleaxe of Trog's Pride {antimagic,
                  | Fragile Fly rElec rF+++} (Trog gifted it to you on level 2
                  | of the Orcish Mines)
 29320 | Orc:2    | Received a gift from Trog
 29686 | Orc:2    | Found Esoh's Antique Weapon Boutique.
 29752 | Orc:2    | Found Uxibb's Antique Armour Shop.
 30060 | Shoals:1 | Entered Level 1 of the Shoals
 30532 | Shoals:1 | Found Buxeonkuw's Firing Range.
 30707 | Shoals:1 | Noticed Louise
 30733 | Shoals:1 | Killed Louise
 31243 | Shoals:2 | Noticed Polyphemus
 31354 | Shoals:2 | Killed Polyphemus
 31598 | Shoals:2 | Found a burning altar of Makhleb.
 31603 | Shoals:2 | Noticed a kraken
 31771 | Shoals:2 | Killed a kraken
 31890 | Shoals:2 | Received a gift from Trog
 31977 | Shoals:2 | Found Weinisan's Book Shop.
 32593 | Shoals:3 | Noticed Nikola
 32617 | Shoals:3 | Killed Nikola
 32686 | Shoals:3 | Noticed Ilsuiw
 32747 | Shoals:3 | Killed Ilsuiw
 32882 | Shoals:3 | Found Venuobalog's General Store.
 33363 | Shoals:4 | Entered Level 4 of the Shoals
 33688 | Shoals:4 | Reached XP level 17. HP: 154/173 MP: 16/16
 33691 | Shoals:4 | Identified the ring of Savypego {rPois rF+ Str+6}
 33751 | Shoals:4 | Identified the +6 whip of Karma {freeze, rPois rN+ rCorr}
 33770 | Shoals:4 | Received a gift from Trog
 34057 | Shoals:4 | Identified the amulet "Voumic" {Faith Int+7}
 34089 | Shoals:4 | Got a barnacled rune of Zot
 35374 | Spider:1 | Entered Level 1 of the Spider Nest
 35423 | Spider:1 | Received a gift from Trog
 35427 | Spider:1 | Slain by a death scarab

Illustrated notes

Levels and vault maps discovered:
D:1:      co_arrival_square_in_a_square_in_a_square, layout_basic,
          basic_ecumenical_altar
D:2:      layout_loops_ring, serial_shops, shop, minmay_pentomino_q4,
          uniq_terence
D:3:      layout_basic
D:4:      layout_loops_cross
D:5:      layout_rooms
D:6:      layout_loops_corners, lemuel_zombie_altar_kikubaaqudgha,
          uniq_blork_the_orc
D:7:      layout_loops_corners, minmay_temple_entry_trees, uniq_joseph
D:8:      layout_loops_cross, gammafunk_temple_overflow_forgotten,
          grunt_lair_entry_orc_guard_hut
D:9:      lemuel_ogre_cave, layout_long_grid, uniq_maggie
D:10:     layout_gridville, david_orc_3
D:11:     layout_loops_corners
D:12:     layout_basic, gammafunk_ghost_ooze, uniq_rupert
D:13:     layout_stronghold, kennysheep_orc_sif_temple, uniq_kirke
D:14:     evilmike_halls_of_destruction, layout_irregular_city, erik_vaults_1,
          serial_park_avenue1, nicolae_burly_brawl, uniq_snorg, uniq_azrael
D:15:     grunt_enter_depths_hoard, layout_irregular_city,
          muffindrake_ghost_dual_entry, minivault_19, minivault_16, uniq_nessos
Lair:1:   layout_regular_city, nicolae_quartered_pool_super
Lair:2:   layout_loops_ring, minmay_shoals_entry_lonely_mermaid,
          dummy_spider_entry, infiniplex_staircase_pool
Lair:3:   layout_cave_shapes, serial_bayou, serial_bayou_shore_a,
          serial_bayou_pond_c, serial_bayou_crossing, serial_bayou_pond_d,
          portal_ice_cave_demonic_guard, nicolae_lair_run_with_the_wolves
Lair:4:   layout_layer_cave, minmay_slime_entry_pillars, special_room
          [special_room_bee], lemuel_fruit_fields, lemuel_fruit_fields
Lair:5:   hellmonk_lair_end_abyssal_woods, layout_long_grid,
          ebering_ghost_disaster_area, serial_bayou_pond_b
Shoals:1: layout_shoals, nicolae_shop_firing_range, uniq_louise
Shoals:2: layout_shoals, serial_shops, nicolae_shop_hallway_plus,
          wheals_shoals_ruined_temple, uniq_polyphemus
Shoals:3: layout_shoals, serial_shops, nicolae_shop_stone,
          nicolae_shoals_hidden_pirate_stash, uniq_ilsuiw, uniq_nikola
Shoals:4: shoals_end_simple, layout_shoals
Spider:1: nicolae_spider_hilbert_zone_1 [nicolae_spider_hilbert_4_sides_1_open,
          nicolae_spider_hilbert_4_sides_1_open,
          nicolae_spider_hilbert_4_sides_1_open,
          nicolae_spider_hilbert_4_sides_1_open,
          nicolae_spider_hilbert_3_sides_1_open,
          nicolae_spider_hilbert_3_sides_1_open,
          nicolae_spider_hilbert_3_sides_1_open,
          nicolae_spider_hilbert_3_sides_1_open,
          nicolae_spider_hilbert_3_sides_1_open,
          nicolae_spider_hilbert_6_sides_1_open,
          nicolae_spider_hilbert_6_sides_1_open,
          nicolae_spider_hilbert_3_sides_1_open,
          nicolae_spider_hilbert_3_sides_1_open,
          nicolae_spider_hilbert_3_sides_1_open,
          nicolae_spider_hilbert_3_sides_1_open,
          nicolae_spider_hilbert_2_sides_1_open], uniq_mlioglotl, uniq_aizul
Orc:1:    layout_caves, basic_altar
Orc:2:    grunt_orc_gardens, layout_caves, grunt_orc_garden, grunt_orc_garden,
          grunt_orc_garden, grunt_orc_garden, lemuel_statue_altar, uniq_donald

Skill      XL: |  1  2  3  4  5  6  7  8  9 10 11 12 13 14 15 16 17 |
---------------+----------------------------------------------------+-----
Axes           | 4 5 6 7 8 9 11 14 17 19 20 22 | 22.8
Armour         | 10 13 18 21 22 | 22.0
Fighting       | 7 14 19 20 21 | 21.1
Dodging        | 8 9 |  9.5

Action                   |  1- 3 |  4- 6 |  7- 9 | 10-12 | 13-15 | 16-18 || total
-------------------------+-------+-------+-------+-------+-------+-------++-------
Melee: Hand axe          |    66 |    36 |       |       |       |       ||   102
       Headbutt          |    10 |     8 |    31 |   120 |   210 |   156 ||   535
       War axe           |       |    41 |   217 |     2 |       |       ||   260
       Punch             |       |       |     1 |       |       |       ||     1
       Battleaxe         |       |       |       |   590 |   833 |       ||  1423
       Executioner's axe |       |       |       |       |    70 |   678 ||   748
Invok: Berserk           |       |     4 |     8 |    12 |    14 |     2 ||    40
       Trog's Hand       |       |     2 |     4 |     6 |     5 |    10 ||    27
       Brothers in Arms  |       |       |       |       |     2 |       ||     2
  Use: Scroll            |     4 |     9 |     4 |     9 |     5 |     1 ||    32
       Potion            |       |       |       |     1 |       |       ||     1
 Stab: Invisible         |       |       |       |     2 |       |       ||     2
       Paralysed         |       |       |       |       |     3 |       ||     3
Armor: Animal skin       |    11 |       |       |       |       |       ||    11
       Leather armour    |     7 |     4 |       |       |       |       ||    11
       Ring mail         |       |    11 |       |       |       |       ||    11
       Chain mail        |       |     3 |    75 |       |       |       ||    78
       Plate armour      |       |       |       |   275 |   616 |   576 ||  1467
Dodge: Dodged            |    44 |    40 |    82 |   195 |   374 |   374 ||  1109
